 Dungeon Crawl Stone Soup version 0.21-a0-150-gc243083 (webtiles) character file.

45 AverageBear the Cutter (level 3, -1/22 HPs)
             Began as a Deep Elf Fighter on July 27, 2017.
             Slain by Natasha (4 damage)
             ... on level 2 of the Dungeon.
             The game lasted 00:01:32 (1188 turns).

AverageBear the Cutter (Deep Elf Fighter)           Turns: 1188, Time: 00:01:32

Health: -1/22      AC:  6    Str: 14    XL:     3   Next: 42%
Magic:  0/5        EV:  8    Int: 12    God:
Gold:   91         SH:  4    Dex: 14    Spells: 2/2 levels left

rFire    . . .     SeeInvis .   n - +0 dagger (venom)
rCold    . . .     Gourm    .   m - +0 buckler (curse)
rNeg     . . .     Faith    .   b - +0 scale mail
rPois    .         Spirit   +   (no helmet)
rElec    .         Reflect  .   (no cloak)
rCorr    .         Harm     .   (no gloves)
MR       +....                  (no boots)
Stlth    ..........             e - amulet of guardian spirit
HPRegen  0.07/turn              k - ring of protection from magic
MPRegen  0.09/turn              (no ring)

@: no status effects
A: no striking features
a: no special abilities


You were on level 2 of the Dungeon.
You were not hungry.

You visited 1 branch of the dungeon, and saw 2 of its levels.

You collected 91 gold pieces.

Inventory:

Hand Weapons
 a - a +0 rapier
 n - a +0 dagger of venom (weapon)
Armour
 b - a +0 scale mail (worn)
 m - a cursed +0 buckler (worn)
Jewellery
 e - an amulet of guardian spirit (around neck)
 k - a ring of protection from magic (left hand)
 o - a +5 ring of intelligence {unknown}
 s - a cursed ring of wizardry {unknown}
Wands
 u - a wand of acid (7/15)
Scrolls
 i - 3 scrolls of identify {unknown}
 t - a scroll of enchant armour {unknown}
Potions
 c - a potion of flight {unknown}
 d - a potion of might
 h - a potion of agility {unknown}
 q - a potion of resistance {unknown}
 r - 2 potions of curing {unknown}
 v - a potion of heal wounds {unknown}
Comestibles
 f - a bread ration
 g - 6 chunks of flesh
 j - 2 meat rations
 l - a royal jelly
 p - a fruit


   Skills:
 - Level 2.4 Fighting
 + Level 3.9 Short Blades
 - Level 2.4 Armour
 - Level 2.4 Shields


You had 2 spell levels left.
You didn't know any spells.

Dungeon Overview and Level Annotations

Branches:
Dungeon (2/15)

Altars:

Annotations:
D:2 Natasha


Message History

Found a stone staircase leading up.
There are monsters nearby!
Natasha barely misses you.
Natasha casts a spell.
You hit Natasha but do no damage. You block Natasha's attack.
You closely miss Natasha. Natasha closely misses you.
You closely miss Natasha. You block Natasha's attack. Natasha claws you!
You hit Natasha.
Natasha is lightly wounded.
Natasha casts a spell at you. The magic dart hits you!
The white imp hits you but does no damage.
You hit Natasha but do no damage.
Natasha is poisoned.
Natasha is lightly wounded.
The goblin hits you but does no damage. Natasha claws you but does no damage.
The white imp gestures at you. The puff of frost hits you!
* * * LOW HITPOINT WARNING * * *
Natasha claws you.
You die...

#+# #.#####...#.##..#....
...< ...#.....##..#....
....####.#.....##.......
...................##.#
####.####[.....[.....##.#
......#........##....##.#
.........................
##..#...###....#.....)..#
.<...?>g@....#...........
##..".#h####.............
######.5................
#..###...##....รท...
.......#. #........
........) #........
#.......# ###.##.##
#....... #.##.# #.......#
..##.#


You could see Natasha and a goblin.

Vanquished Creatures
  An adder (D:2)
  An ooze (D:2)
  A dart slug (D:1)
  A bat (D:1)
  4 goblins
  2 hobgoblins
  2 jackals (D:1)
  2 ball pythons (D:1)
  8 frilled lizards
  4 kobolds
  7 rats (D:1)
33 creatures vanquished.

Notes
Turn   | Place    | Note
-------+----------+-------------------------------------------
     0 | D:1      | AverageBear the Deep Elf Fighter began the quest for the Orb.
     0 | D:1      | Reached XP level 1. HP: 13/13 MP: 3/3
   308 | D:1      | Reached XP level 2. HP: 18/18 MP: 4/4
   376 | D:1      | Reached skill level 3 in Short Blades
  1045 | D:2      | Reached XP level 3. HP: 22/22 MP: 5/5
  1179 | D:2      | Noticed Natasha
  1188 | D:2      | Slain by Natasha

Vault maps used:
D:1:      shiori_shiawase, minmay_small_reverse_x
D:2:      lemuel_coloured_pillars_altar, uniq_robin, uniq_natasha,
          uniq_crazy_yiuf_cottage

Skill      XL: |  1  2 |
---------------+-------+-----
Short Blades   | 3 |  3.9
Fighting       | |  2.4
Armour         | |  2.4
Shields        | |  2.4

Action                   || total
-------------------------++-------
Melee: Rapier            ||    57
       Dagger            ||    59
  Eat: Chunk             ||     1
Armor: Scale mail        ||    42
Dodge: Dodged            ||    31
Block: Shield            ||    20
       Buckler           ||    13
